 Dungeon Crawl Stone Soup version 0.25.1-2-g60ff931df9 (webtiles) character file.

Game seed: 7560226545890118345

418494 Luthien the Ruinous (level 22, -1/128 HPs)
             Began as a Deep Elf Conjurer on Sept 7, 2020.
             Was the Champion of Vehumet.
             Slain by an azure jelly (9 damage)
             ... while paralysed by a great orb of eyes
             ... on level 3 of the Pits of Slime on Sept 10, 2020.
             The game lasted 10:33:16 (80344 turns).

Luthien the Ruinous (Deep Elf Conjurer)            Turns: 80344, Time: 10:33:17

Health: -1/128     AC: 16    Str:  6    XL:     22   Next: 88%
Magic:  41/50      EV:  2    Int: 30    God:    Vehumet [******]
Gold:   2126       SH:  0    Dex: 26    Spells: 1/65 levels left

rFire    . . .     SeeInvis +   a - staff of conjuration
rCold    + . .     Gourm    .   T - +0 buckler of Kindness {rC+ Str+2 Dex+7}
rNeg     + . .     Faith    .   H - +2 robe {Archmagi}
rPois    +         Spirit   .   Y - +2 helmet
rElec    .         Reflect  +   O - +2 ratskin cloak {+Rats rPois rN+ Str-1 Int-1 Dex+1}
rCorr    +         Harm     .   V - +2 pair of gloves {Dex+3}
MR       ++...                  R - +2 pair of boots {run}
Stlth    ++++......             k - amulet of reflection
HPRegen  0.31/turn              y - ring of see invisible
MPRegen  0.32/turn              C - ring of resist corrosion

@: paralysed, quick
A: no striking features
}: 1/15 runes: barnacled
a: Renounce Religion, Evoke Ratskin


You were on level 3 of the Pits of Slime.
You worshipped Vehumet.
Vehumet was exalted by your worship.
You were not hungry.

You visited 9 branches of the dungeon, and saw 43 of its levels.
You also visited: Ossuary, Gauntlet and Ice Cave.

You collected 5336 gold pieces.
You spent 3210 gold pieces at shops.

Inventory:

Hand Weapons
 b - the +7 falchion of Ijakhles {vorpal, +Inv Int+5 Dex-3 Stlth+}
   (You took it off a vault sentinel on level 2 of the Vaults)

   It inflicts extra damage upon your enemies.
   It affects your intelligence (+5).
   It affects your dexterity (-3).
   It lets you turn invisible.
   It makes you more stealthy.
Missiles
 q - 33 silver javelins (quivered)
Armour
 n - a scarf of invisibility
 r - a scarf of resistance
 H - a +2 robe of the Archmagi (worn)
 O - the +2 ratskin cloak (worn) {+Rats rPois rN+ Str-1 Int-1 Dex+1}
   (You found it on level 6 of the Dungeon)

   It affects your strength (-1).
   It affects your intelligence (-1).
   It affects your dexterity (+1).
   It protects you from poison.
   It protects you from negative energy.
 R - a +2 pair of boots of running (worn)
 T - the +0 buckler of Kindness (worn) {rC+ Str+2 Dex+7}
   (You found it on level 14 of the Dungeon)

   It affects your strength (+2).
   It affects your dexterity (+7).
   It protects you from cold.
 V - a +2 pair of gloves of dexterity (worn)
 Y - a +2 helmet (worn)
Magical Staves
 a - an uncursed staff of conjuration (weapon)
 G - an uncursed staff of energy
Jewellery
 k - an amulet of reflection (around neck)
 t - an uncursed ring of fire
 u - a +4 ring of protection
 y - a ring of see invisible (left hand)
 C - a ring of resist corrosion (right hand)
Wands
 d - a wand of polymorph (11)
 D - a wand of iceblast (23)
 E - a wand of digging (35)
 I - a wand of acid (26)
 J - a wand of disintegration (49)
 L - a wand of clouds (15)
 M - a wand of flame (61)
Scrolls
 e - 13 scrolls of fog
 f - 5 scrolls of fear
 g - 19 scrolls of teleportation
 v - 2 scrolls of holy word
 x - 4 scrolls of immolation
 z - 14 scrolls of remove curse
 B - a scroll of silence
 Q - 4 scrolls of vulnerability
 S - 2 scrolls of summoning
 U - 11 scrolls of blinking
 Z - 5 scrolls of magic mapping
Potions
 h - 5 potions of resistance
 i - 8 potions of brilliance
 j - 10 potions of haste
 m - 7 potions of heal wounds
 p - 20 potions of curing
 w - 2 potions of magic
 A - 7 potions of lignification
 N - 4 potions of ambrosia
 P - 5 potions of cancellation
 W - 2 potions of invisibility
Miscellaneous
 F - a phantom mirror
 K - a phial of floods
Comestibles
 c - 49 rations


   Skills:
 + Level 10.8 Fighting
 - Level 6.0 Dodging
 - Level 5.0 Stealth
 - Level 4.0 Shields
 - Level 22.0 Spellcasting
 - Level 22.0 Conjurations
 - Level 6.0 Hexes
 - Level 7.0 Charms
 - Level 10.0 Summonings
 - Level 5.0 Translocations
 - Level 16.9 Fire Magic
 - Level 21.0 Earth Magic


You had one spell level left.
You knew the following spells:

 Your Spells              Type           Power        Failure   Level  Hunger
a - Magic Dart            Conj           ####         0%          1    None
b - Searing Ray           Conj           ######       0%          2    None
i - Iskenderun's Mystic   Conj/Tloc      ########     1%          4    None
p - Fulminant Prism       Conj/Hex       ########..   1%          4    None
A - Spellforged Servitor  Conj/Summ      ########..   1%          7    ##.....
B - Iskenderun's Battles  Conj/Chrm      ########     1%          5    None
C - Bolt of Magma         Conj/Fire/Erth ########..   0%          5    None
D - Shroud of Golubria    Chrm/Tloc      ######       1%          2    None
E - Foxfire               Conj/Fire      ####         0%          1    None
F - Iron Shot             Conj/Erth      #########.   0%          6    None
G - Blink                 Tloc           N/A          1%          2    None
H - Lehudib's Crystal Sp  Conj/Erth      #########.   1%          8    ####...
I - Ignition              Fire           ########..   1%          8    ####...
J - Shatter               Erth           ########..   5%          9    ######.

Your spell library contained the following spells:

 Spells                   Type           Power        Failure   Level  Hunger
 Sandblast                Erth           ######       0%          1    None
 Summon Small Mammal      Summ           ####         0%          1    None
 Animate Skeleton         Necr           N/A          1%          1    None
 Beastly Appendage        Tmut           #####.       1%          1    None
 Corona                   Hex            #######      1%          1    None
 Conjure Flame            Conj/Fire      ########     0%          3    None
 Dazzling Flash           Conj/Hex       ######       0%          3    None
 Stone Arrow              Conj/Erth      ######       0%          3    None
 Fireball                 Conj/Fire      ########..   0%          5    None
 Lee's Rapid Deconstruct  Erth           ########..   0%          5    None
 Call Imp                 Summ           #######.     1%          2    None
 Ensorcelled Hibernation  Hex/Ice        ######       1%          2    None
 Passwall                 Tmut/Erth      #######.     1%          2    None
 Slow                     Hex            #######.     1%          2    None
 Sticks to Snakes         Tmut           #####...     1%          2    None
 Call Canine Familiar     Summ           #######.     1%          3    None
 Confusing Touch          Hex            #######.     1%          3    None
 Gell's Gravitas          Tloc           #######...   1%          3    None
 Ignite Poison            Fire/Tmut/Pois #######.     1%          3    None
 Lesser Beckoning         Tloc           #######...   1%          3    None
 Mephitic Cloud           Conj/Pois/Air  ########     1%          3    None
 Recall                   Summ/Tloc      N/A          1%          3    None
 Summon Guardian Golem    Hex/Summ       #######.     1%          3    None
 Teleport Other           Tloc           #######.     1%          3    None
 Tukima's Dance           Hex            #######.     1%          3    None
 Cause Fear               Hex            #######...   1%          4    None
 Passage of Golubria      Tloc           N/A          1%          4    None
 Petrify                  Tmut/Erth      #######.     1%          4    None
 Summon Ice Beast         Ice/Summ       #######.     1%          4    None
 Summon Lightning Spire   Summ/Air       #######.     1%          4    None
 Borgnjor's Vile Clutch   Necr/Erth      #######...   1%          5    None
 Lightning Bolt           Conj/Air       ########..   1%          5    None
 Summon Forest            Summ/Tloc      #######...   1%          5    None
 Conjure Ball Lightning   Conj/Air       ########..   1%          6    None
 Starburst                Conj/Fire      ########..   1%          6    None
 Airstrike                Air            #####.....   2%          4    None
 Yara's Violent Unravell  Hex/Tmut       ######....   2%          5    None
 Spider Form              Tmut/Pois      #####.....   3%          3    None
 Vampiric Draining        Necr           #####.....   3%          3    None
 Ring of Flames           Chrm/Fire      ########..   6%          7    ##.....
 Silence                  Hex/Air        ######....   9%          5    None
 Animate Dead             Necr           N/A          10%         4    None
 Ice Form                 Ice/Tmut       #####...     10%         4    None
 Blade Hands              Tmut           #####.....   28%         5    None
 Death Channel            Necr           #####.....   83%         6    None
 Simulacrum               Ice/Necr       #####.....   83%         6    None
 Discord                  Hex            #######...   99%         8    ####...
 Tornado                  Air            #####.....   100%        9    ######.


Dungeon Overview and Level Annotations

Branches:
Dungeon (15/15)            Temple (1/1) D:6            Lair (6/6) D:11
 Shoals (4/4) Lair:3        Snake (3/4) Lair:2        Slime (3/5) Lair:5
    Orc (2/2) D:11            Elf (0/3) Orc:2        Vaults (4/5) D:14
  Crypt (0/3) Vaults:3     Depths (5/5) D:15        Ossuary (visited)
  IceCv (visited)         Gauntlet (visited)
    Zot: Depths:5

Altars:
Ashenzari
Cheibriados
Dithmenos
Elyvilon
Fedhas
Gozag
Hepliaklqana
Kikubaaqudgha
Makhleb
Nemelex Xobeh
Okawaru
Qazlal
Ru
Sif Muna
Trog
Uskayaw
Vehumet
Wu Jian
Xom
Yredelemnul
Zin
The Shining One
Jiyva

Shops:
D:4 %   D:5 *   D:11 [(   D:15 ?   Orc:2 [[?*   Vaults:1 !   Vaults:3 }
Vaults:4 !   Depths:1 :

Portals:
Hell: Depths:1 Depths:2 Depths:3 Depths:4
Abyss: Depths:4
Pandemonium: Depths:1 Depths:3 Depths:4
Ziggurat: Depths:2
Trove: Depths:3 (give 7 potions of haste)

Annotations:
Shoals:4 Ilsuiw
Snake:1 exclusion: downstairs
Snake:2 Roxanne
Depths:4 1 runed translucent door, Luthien's ghost, veteran DECj


Message History

The great orb of eyes bites you but does no damage.
The azure jelly hits you. The azure jelly freezes you!! You resist.
Your shroud falls apart!
The azure jelly hits you but does no damage.
The azure jelly hits you!
The azure jelly hits you but does no damage. x5
The great orb of eyes bites you!
The azure jelly hits you but does no damage.
The azure jelly hits you. The azure jelly freezes you!! You resist.
* * * LOW HITPOINT WARNING * * *
The azure jelly hits you.
* * * LOW HITPOINT WARNING * * *
The azure jelly hits you!
* * * LOW HITPOINT WARNING * * *
The great orb of eyes bites you!
* * * LOW HITPOINT WARNING * * *
The azure jelly completely misses you.
The azure jelly hits you but does no damage. x2
The azure jelly hits you!
You die...

#.##..#.#..##
............##
.............##
..............#
#........>.....
#..............
#.......J......
......<@G...#
.......*.......
...............
#..............
#..............
#...##......#..
#..# #.....## .
... ##.....


You could see an azure jelly, a great orb of eyes and a friendly battlesphere.

Vanquished Creatures
  Boris (Depths:4)
  Xtahua (Depths:3)
  The ghost of Plog the Eclecticist, a veteran GnWz of Ashenzari (Vaults:1)
  Saint Roka (Depths:4)
  Asterion (Snake:3)
  2 tentacled monstrosities (Depths:4)
  4 liches
  The ghost of Gygal Fez the Peltast, an adept MiFi of Okawaru (Snake:1)
  2 quicksilver dragons (Depths:4)
  Rupert (D:13)
  6 acid blobs
  An ancient champion (Vaults:3)
  7 sphinxes
  2 tengu reavers (Depths:4)
  2 storm dragons
  Donald (Snake:2)
  3 shadow dragons
  2 azure jellies (Slime:1)
  8 frost giants
  Louise (Snake:2)
  14 vault wardens
  7 fire giants
  An orc warlord (Vaults:4)
  5 ironheart preservers
  A ghoul (Vaults:2)
  Aizul (Snake:1)
  2 balrugs
  2 war gargoyles
  2 spriggan defenders
  A juggernaut skeleton (Depths:4)
  19 stone giants
  20 very ugly things
  3 entropy weavers
  A spark wasp (Depths:4)
  A deep elf annihilator (Vaults:2)
  A minotaur (Gauntlet)
  3 merfolk javelineers
  The ghost of Goefua Zelei the Peltast, a journeyman GrFi of the Shining One (D:15)
  Snorg (Orc:1)
  11 merfolk impalers
  Josephine (D:10)
  15 fire dragons
  10 ettins
  11 vault guards
  12 yaktaur captains
  A crystal guardian (Vaults:3)
  A deep elf high priest (Depths:4)
  11 great orbs of eyes
  6 rakshasas
  Fannar (D:11)
  4 naga warriors
  16 hydras
  15 ice dragons
  2 spriggan air magi
  12 centaur warriors
  5 merfolk avatars
  A merfolk aquamancer (Shoals:4)
  3 death knights
  Erica (D:11)
  11 ogre magi
  An alligator snapping turtle (Shoals:1)
  6 deep troll earth magi
  5 anacondas
  A queen ant (Lair:4)
  2 vampire magi
  7 tengu warriors
  2 satyrs (Shoals:3)
  32 two-headed ogres
  3 deep troll shamans
  Urug (Lair:4)
  Sonja (Lair:1)
  2 orc high priests
  2 spriggan berserkers (Depths:3)
  5 naga sharpshooters (Snake:1)
  Nergalle (D:11)
  4 shock serpents
  A salamander mystic (Snake:3)
  2 sun demons (Depths:2)
  A hell knight (Depths:4)
  3 deep elf knights
  10 deep trolls
  3 iron trolls (Depths:2)
  11 skeletal warriors
  12 sea snakes
  A shadow demon (Depths:3)
  2 flayed ghosts
  2 wizards
  2 glowing orange brains
  2 unseen horrors
  A naga ritualist (Snake:1)
  Pikel (D:5)
  A swamp dragon (Lair:4)
  A deep troll (shapeshifter) (Vaults:2)
  10 harpies
  A phantasmal warrior (Vaults:4)
  A deep elf archer (Vaults:3)
  19 ironbrand convokers
  6 necromancers
  The ghost of Maadim the Chopper, a novice VSFi of Okawaru (D:7)
  A sphinx zombie (Depths:4)
  10 orc knights
  5 mana vipers
  18 fauns
  8 orc sorcerers
  50 ugly things
  A wolf spider zombie (D:15)
  A wolf spider (Vaults:3)
  9 deep elf magi
  3 salamanders
  A fire giant zombie (Depths:4)
  10 manticores
  9 cyclopes
  7 naga magi
  16 vault sentinels
  6 merfolk sirens
  Maurice (D:11)
  An eye of devastation (Slime:2)
  20 elephants
  A storm dragon simulacrum (Depths:4)
  3 orange demons (Depths:1)
  A smoke demon (Gauntlet)
  3 water nymphs
  A guardian serpent (shapeshifter) (Depths:1)
  3 guardian serpents
  3 ice statues
  Maggie (D:7)
  31 black mambas
  12 spiny frogs
  A gargoyle (D:12)
  2 kobold demonologists
  2 rime drakes
  12 komodo dragons
  3 efreet (Depths:2)
  A komodo dragon (shapeshifter) (Depths:3)
  12 freezing wraiths
  54 yaktaurs
  5 tengu conjurers
  A polar bear (shapeshifter) (Vaults:4)
  11 trolls
  A jumping spider (Vaults:1)
  7 hornets
  2 trolls (shapeshifter)
  5 wind drakes
  A meliai (shapeshifter) (Depths:2)
  6 polar bears
  25 merfolk
  A frost giant simulacrum (Vaults:2)
  A meliai zombie (D:14)
  A dream sheep (shapeshifter) (Depths:4)
  A blink frog (shapeshifter) (Vaults:2)
  13 dream sheep
  A fire giant simulacrum (Depths:4)
  60 slime creatures
  9 snapping turtles
  13 hippogriffs
  6 flying skulls (Gauntlet)
  13 blink frogs
  A centaur simulacrum (D:14)
  A hippogriff (shapeshifter) (D:14)
  3 shadows
  17 water elementals
  8 wraiths
  3 basilisks
  A hog (shapeshifter) (Vaults:2)
  3 yaks (shapeshifter)
  A human (shapeshifter) (D:13)
  A fire bat (shapeshifter) (Depths:1)
  21 yaks
  4 vampire mosquitoes (D:14)
  A neqoxec (Depths:1)
  3 wyverns
  A steam dragon (D:8)
  A steam dragon (shapeshifter) (Depths:3)
  6 wargs
  3 hungry ghosts
  21 nagas
  20 water moccasins
  3 acid dragons
  4 hell hounds (Depths:3)
  6 soldier ants
  7 porcupines
  A floating eye (shapeshifter) (Vaults:3)
  14 ice beasts
  47 orc warriors
  An eye of draining (shapeshifter) (D:13)
  6 phantoms
  2 black bears
  A necrophage (D:10)
  3 sky beasts
  2 slaves (D:5)
  3 eyes of draining
  3 ettin simulacra (Depths:2)
  An ogre (shapeshifter) (Depths:2)
  33 ogres
  19 boggarts
  12 wolves
  12 centaurs
  A crocodile (shapeshifter) (Vaults:3)
  17 crocodiles
  Blork the orc (D:4)
  3 big kobolds (D:15)
  22 bullfrogs
  A wyvern zombie (D:11)
  A gnoll sergeant (D:9)
  3 water moccasin zombies
  2 wyvern skeletons
  2 scorpions (D:8)
  16 killer bees
  3 wights (D:7)
  7 electric eels
  4 howler monkeys
  11 crimson imps
  3 centaur zombies
  7 jellies
  2 quasits
  4 bullfrog zombies
  A human simulacrum (Vaults:1)
  8 hounds
  47 orc wizards
  43 orc priests
  5 centaur skeletons
  A bullfrog skeleton (D:9)
  5 iguanas
  12 hell rats
  32 worker ants
  3 big kobold zombies (Ossuary)
  A hound zombie (D:7)
  3 hound skeletons
  2 mummies (Ossuary)
  4 worker ant zombies
  5 gnolls
  21 adders
  14 river rats
  3 shadow imps
  14 white imps
  An ufetubus (D:14)
  3 oozes
  An adder skeleton (D:6)
  3 adder zombies (Ossuary)
  A worm (D:2)
  3 dart slugs (D:1)
  3 leopard geckos
  119 orcs
  4 ball pythons
  3 bats
  6 giant cockroaches
  4 gnoll zombies (Ossuary)
  3 goblins (D:1)
  11 hobgoblins
  20 jackals
  14 kobolds
  4 quokkas
  5 frilled lizards
  5 hobgoblin zombies (Ossuary)
  A jackal skeleton (D:5)
  4 kobold zombies (Ossuary)
  A leopard gecko skeleton (D:4)
  3 orc zombies (Ossuary)
  21 rats
  2 rat zombies (D:2)
  6 fulminant prisms
  5 fungi
  12 plants
1861 creatures vanquished.

Vanquished Creatures (collateral kills)
  An ironheart preserver (Vaults:1)
  A stone giant (Vaults:2)
  A deep elf death mage (Vaults:2)
  A vault guard (Vaults:1)
  2 naga warriors (Snake:3)
  An ice dragon (Vaults:2)
  An anaconda (Snake:3)
  2 two-headed ogres (Vaults:3)
  A naga sharpshooter (Snake:3)
  A shock serpent (Snake:3)
  A skeletal warrior (Vaults:2)
  2 naga ritualists
  An ironbrand convoker (Vaults:1)
  An orc knight (Vaults:1)
  7 ugly things
  A mana viper (Snake:2)
  2 cyclopes
  2 salamanders (Snake:3)
  A guardian serpent (Snake:3)
  6 black mambas
  4 vault sentinels
  2 yaktaurs (Vaults:2)
  A slime creature (Vaults:1)
  A naga (Snake:3)
  A centaur (Vaults:1)
45 creatures vanquished.

Vanquished Creatures (others)
  2 ettins (Depths:2)
  A yaktaur (Depths:2)
  2 boggarts (Depths:2)
  A demonic plant (Gauntlet)
  337 fulminant prisms
  7 fungi
  26 plants
  2 withered plants (Gauntlet)
378 creatures vanquished.

Grand Total: 2284 creatures vanquished

Notes
Turn   | Place    | Note
-------+----------+-------------------------------------------
     0 | D:1      | Luthien the Deep Elf Conjurer began the quest for the Orb.
     0 | D:1      | Reached XP level 1. HP: 10/10 MP: 6/6
    65 | D:2      | Reached XP level 2. HP: 10/15 MP: 0/8
   357 | D:2      | Found a radiant altar of Vehumet.
   384 | D:2      | Learned a level 2 spell: Searing Ray
   525 | D:2      | Reached XP level 3. HP: 19/19 MP: 5/10
  1055 | D:2      | Found an ancient bone altar of Kikubaaqudgha.
  1223 | D:1      | Reached XP level 4. HP: 20/24 MP: 0/11
  1652 | D:1      | Reached skill level 5 in Conjurations
  2313 | D:3      | Found a shadowy altar of Dithmenos.
  2454 | D:3      | Reached XP level 5. HP: 16/28 MP: 0/13
  2499 | D:3      | Reached skill level 1 in Shields
  2660 | D:3      | Reached skill level 1 in Fighting
  3120 | D:4      | Found Xoreeh's Food Shop.
  3146 | D:4      | Noticed an ogre
  3151 | D:4      | Killed an ogre
  3151 | D:4      | Reached XP level 6. HP: 34/34 MP: 7/15
  3337 | D:4      | Noticed Blork the orc
  3402 | D:4      | Reached skill level 5 in Spellcasting
  3848 | D:5      | Entered Level 5 of the Dungeon
  4126 | D:5      | Found Zin's Purification Station.
  4129 | D:5      | Found a glowing silver altar of Zin.
  4394 | D:5      | Reached XP level 7. HP: 22/40 MP: 9/17
  4810 | D:5      | Found a sparkling altar of Nemelex Xobeh.
  5024 | D:5      | Noticed Pikel
  5038 | D:5      | Killed Pikel
  5038 | D:5      | Reached XP level 8. HP: 14/46 MP: 2/20
  5632 | D:5      | Found a shimmering altar of Xom.
  5864 | D:6      | Found a blossoming altar of Fedhas.
  5865 | D:6      | Found a stormy altar of Qazlal.
  5949 | D:6      | Found a basalt altar of Yredelemnul.
  6026 | D:6      | Found a hazy altar of Hepliaklqana.
  6482 | D:4      | Got a wizard robe
  6503 | D:4      | Identified the +1 robe "Junoats" {Int+6} (You found it on
                  | level 4 of the Dungeon)
  6525 | D:3      | Learned a level 4 spell: Fulminant Prism
  6530 | D:3      | Learned a level 4 spell: Iskenderun's Mystic Blast
  6541 | D:4      | Found an ornate altar of the Wu Jian Council.
  6610 | D:4      | Killed Blork the orc
  7037 | D:4      | Found a sacrificial altar of Ru.
  7345 | D:6      | Reached XP level 9. HP: 52/52 MP: 9/22
  7578 | D:6      | Found a staircase to the Ecumenical Temple.
  7810 | D:6      | Reached skill level 5 in Hexes
  8061 | Temple   | Entered the Ecumenical Temple
  8229 | D:2      | Became a worshipper of Vehumet
  8631 | D:6      | Found the +2 ratskin cloak {+Rats rPois rN+ Str-1 Int-1
                  | Dex+1}
  8784 | D:7      | Found a runed translucent gate.
  8785 | D:7      | Found a runed translucent gate.
  8793 | D:7      | Reached skill level 1 in Translocations
  8799 | D:7      | Noticed Maadim's ghost (novice VSFi)
  8827 | D:7      | Found a sand-covered staircase.
  8833 | Ossuary  | Entered an ossuary
  8974 | Ossuary  | Reached * piety under Vehumet
  8974 | Ossuary  | Offered knowledge of Foxfire by Vehumet.
  9030 | Ossuary  | Learned a level 1 spell: Foxfire
  9161 | Ossuary  | Reached skill level 1 in Fire Magic
  9321 | D:7      | Reached ** piety under Vehumet
  9321 | D:7      | Offered knowledge of Shock by Vehumet.
  9327 | D:7      | Noticed Maggie
  9333 | D:7      | Killed Maggie
  9620 | D:7      | Learned a level 2 spell: Blink
  9745 | D:7      | Reached skill level 5 in Fire Magic
  9834 | D:7      | Found a runed translucent gate.
 10484 | D:8      | You fall into a shaft and drop 1 floor!
 10491 | D:10     | Entered Level 10 of the Dungeon
 10916 | D:8      | Offered knowledge of Static Discharge by Vehumet.
 10925 | D:8      | Reached XP level 10. HP: 55/58 MP: 21/24
 11267 | D:8      | Found a shimmering blue altar of Sif Muna.
 11289 | D:8      | Reached *** piety under Vehumet
 11763 | D:8      | Reached skill level 5 in Fighting
 12575 | D:9      | Offered knowledge of Hailstorm by Vehumet.
 12575 | D:9      | Reached skill level 5 in Stealth
 12936 | D:9      | Found a bloodstained altar of Trog.
 13020 | D:9      | Found a sparkling altar of Nemelex Xobeh.
 13334 | D:10     | Reached **** piety under Vehumet
 13648 | D:10     | Noticed Josephine
 13656 | D:10     | Offered knowledge of Frozen Ramparts by Vehumet.
 13662 | D:10     | Killed Josephine
 13834 | D:10     | Reached XP level 11. HP: 64/64 MP: 18/26
 13986 | D:10     | Reached skill level 10 in Spellcasting
 14581 | D:11     | Noticed a brown ugly thing
 14582 | D:11     | Noticed Fannar
 14582 | D:11     | Noticed Nergalle
 14679 | D:11     | Noticed a two-headed ogre
 14680 | D:11     | Noticed Erica
 14684 | D:11     | Killed a two-headed ogre
 14687 | D:11     | Killed Erica
 14687 | D:11     | Reached skill level 10 in Conjurations
 14696 | D:10     | Killed an unseen horror
 15474 | D:11     | Killed a brown ugly thing
 15560 | D:11     | Noticed Maurice
 15569 | D:11     | Killed Maurice
 15569 | D:11     | Reached ***** piety under Vehumet
 15571 | D:11     | Offered knowledge of Sticky Flame by Vehumet.
 15574 | D:11     | Noticed a two-headed ogre
 15737 | D:7      | Killed Maadim's ghost
 15773 | D:7      | Reached XP level 12. HP: 72/72 MP: 28/31
 15882 | D:11     | Killed a two-headed ogre
 16007 | D:11     | Killed Fannar
 16158 | D:11     | Killed Nergalle
 16158 | D:11     | Reached XP level 13. HP: 78/78 MP: 4/32
 16349 | D:11     | Found a staircase to the Lair.
 16604 | D:11     | Found Teylia Gefy's Armour Boutique.
 16604 | D:11     | Found a staircase to the Orcish Mines.
 16606 | D:11     | Found Ytseetia's Weapon Boutique.
 16839 | Lair:1   | Entered Level 1 of the Lair of Beasts
 16840 | Lair:1   | Identified 3 scrolls of acquirement
 16841 | Lair:1   | Acquired a book of Spatial Translocations
 16843 | Lair:1   | Acquired an uncursed staff of energy
 16845 | Lair:1   | Acquired a +2 pair of boots of running
 17009 | Lair:1   | Noticed Sonja
 17112 | Lair:1   | Found a gate leading to a gauntlet.
 17121 | Gauntlet | Entered a Gauntlet
 17121 | Gauntlet | Found a runed translucent gate.
 17121 | Gauntlet | Found a transporter.
 17121 | Gauntlet | Found a transporter.
 17121 | Gauntlet | Found a transporter.
 17124 | Gauntlet | Found a runed translucent gate.
 17125 | Gauntlet | Found a runed translucent gate.
 17133 | Gauntlet | Found a transporter.
 17136 | Gauntlet | Found a transporter.
 17147 | Gauntlet | Found a transporter.
 17153 | Gauntlet | Found a transporter.
 17161 | Gauntlet | Found a transporter.
 17174 | Gauntlet | Found a transporter.
 17180 | Gauntlet | Found a transporter.
 17183 | Gauntlet | Found a transporter.
 17193 | Gauntlet | Found a transporter.
 17452 | Gauntlet | Got a pair of shimmering boots
 17463 | Gauntlet | Identified the +0 pair of boots of Freedom {Regen+} (You
                  | found it in a Gauntlet)
 17529 | Gauntlet | Noticed a minotaur
 17544 | Gauntlet | Killed a minotaur
 17593 | Gauntlet | Learned a level 2 spell: Shroud of Golubria
 17832 | Lair:1   | Reached skill level 1 in Charms
 18377 | Lair:1   | Reached skill level 15 in Spellcasting
 18424 | Lair:1   | Killed Sonja
 18763 | Lair:1   | Reached skill level 5 in Charms
 19588 | Lair:2   | Found a staircase to the Snake Pit.
 19831 | Lair:2   | You fall into a shaft and drop 2 floors!
 19857 | Lair:4   | Noticed an entropy weaver
 19863 | Lair:4   | Noticed an entropy weaver
 20249 | Lair:4   | Killed an entropy weaver
 20267 | Lair:4   | Offered knowledge of Iron Shot by Vehumet.
 20467 | Lair:4   | Found a transporter.
 20614 | Lair:4   | Reached skill level 15 in Conjurations
 20641 | Lair:4   | Killed an entropy weaver
 20670 | Lair:4   | Reached XP level 14. HP: 84/84 MP: 29/35
 20757 | Lair:4   | Learned a level 6 spell: Iron Shot
 20816 | Lair:4   | Noticed Urug
 20832 | Lair:4   | Killed Urug
 20832 | Lair:4   | Reached skill level 1 in Earth Magic
 21468 | Lair:4   | Found a transporter.
 22131 | Lair:3   | Found a frozen archway.
 22178 | IceCv    | Entered an ice cave
 22244 | IceCv    | Found a transporter.
 22300 | IceCv    | Reached skill level 5 in Earth Magic
 22450 | IceCv    | Found a transporter.
 22968 | Lair:3   | Found a staircase to the Shoals.
 23588 | Lair:2   | Found an opulent altar of Gozag.
 23904 | Lair:5   | Found a staircase to the Slime Pits.
 23904 | Lair:5   | Found a viscous altar of Jiyva.
 25316 | Lair:3   | Got a slimy robe
 25330 | Lair:3   | Identified the +1 robe "Ochahoac" {rC+ rN+} (You found it
                  | on level 3 of the Lair of Beasts)
 25571 | Lair:6   | Entered Level 6 of the Lair of Beasts
 25749 | Lair:6   | Reached ****** piety under Vehumet
 26040 | Lair:6   | Offered knowledge of Bolt of Magma by Vehumet.
 26040 | Lair:6   | Reached skill level 10 in Earth Magic
 26047 | Lair:6   | Learned a level 5 spell: Bolt of Magma
 26710 | Lair:6   | Got an ichor-stained dagger
 26711 | Lair:6   | Identified the cursed +1 dagger "Widowmaker" {speed, Dex+4}
                  | (You found it on level 6 of the Lair of Beasts)
 26958 | Lair:6   | Reached skill level 10 in Fire Magic
 27391 | Lair:6   | Reached skill level 5 in Dodging
 27872 | Lair:6   | Got a distressingly furry robe
 27883 | Lair:6   | Identified the +2 robe of Eloff {Harm Stlth+} (You found it
                  | on level 6 of the Lair of Beasts)
 27898 | Lair:6   | Got a dazzling short sword
 27899 | Lair:6   | Identified the +8 short sword "Daommirph" {drain, *Corrode
                  | rC+ rN+} (You found it on level 6 of the Lair of Beasts)
 28145 | D:8      | Identified Sif Muna's Almanac of Enchantment
 28777 | D:12     | Reached XP level 15. HP: 71/88 MP: 36/36
 30388 | D:14     | Offered knowledge of Yara's Violent Unravelling by Vehumet.
 30936 | D:13     | Noticed Rupert
 30938 | D:13     | Paralysed by Rupert for 2 turns
 30952 | D:13     | Killed Rupert
 31426 | D:14     | Got a spiked buckler
 31437 | D:14     | Identified the +0 buckler of Kindness {rC+ Str+2 Dex+7}
                  | (You found it on level 14 of the Dungeon)
 31906 | D:14     | Found a gate to the Vaults.
 32477 | D:15     | Entered Level 15 of the Dungeon
 32505 | D:14     | Reached skill level 5 in Translocations
 32692 | D:15     | Found Toher's Magic Scroll Shoppe.
 32851 | D:15     | Bought a scroll of holy word for 97 gold pieces
 32851 | D:15     | Bought a scroll of teleportation for 39 gold pieces
 32851 | D:15     | Bought a scroll of acquirement for 676 gold pieces
 32890 | D:15     | Found a transporter.
 32892 | D:15     | Noticed Goefua Zelei's ghost (journeyman GrFi)
 32893 | D:15     | Identified the +8 great mace of the Sea {flame, Dex+2 SInv
                  | Stlth+}
 32893 | D:15     | Noticed a fire giant
 32907 | D:15     | Found a transporter.
 33159 | D:15     | Found a staircase to the Depths.
 33931 | D:15     | Offered knowledge of Iskenderun's Battlesphere by Vehumet.
 33938 | D:15     | Learned a level 5 spell: Iskenderun's Battlesphere
 34221 | Orc:1    | Entered Level 1 of the Orcish Mines
 34460 | Orc:1    | Noticed Snorg
 34462 | Orc:1    | Killed Snorg
 35002 | Orc:1    | Found a bloodstained altar of Trog.
 35252 | Orc:2    | Entered Level 2 of the Orcish Mines
 35262 | Orc:2    | Found a staircase to the Elven Halls.
 35721 | Orc:2    | Offered knowledge of Spellforged Servitor by Vehumet.
 35829 | Orc:2    | Learned a level 7 spell: Spellforged Servitor
 35868 | Orc:2    | Reached skill level 1 in Summonings
 36106 | Orc:2    | Reached XP level 16. HP: 83/93 MP: 28/37
 36272 | Orc:2    | Found Qaerr's Assorted Antiques.
 36272 | Orc:2    | Found Apepif's Armour Shop.
 36272 | Orc:2    | Found Koythouv's Antique Armour Shop.
 36275 | Orc:2    | Found Azxunged's Magic Scroll Boutique.
 36821 | Orc:2    | Bought a thin smoking staff for 276 gold pieces
 36825 | Orc:2    | Bought a runed cloak for 232 gold pieces
 36825 | Orc:2    | Bought a runed scale mail for 217 gold pieces
 36866 | Orc:2    | Bought an amethyst-encrusted ring mail for 279 gold pieces
 36866 | Orc:2    | Bought a smoking ring mail for 279 gold pieces
 36876 | Orc:2    | Identified the +4 ring mail "Gasaseh" {rCorr Dex+3} (You
                  | bought it in a shop on level 2 of the Orcish Mines)
 36888 | Orc:2    | Identified the cursed +1 ring mail of Rior {rF+ Str+2
                  | Dex+5} (You bought it in a shop on level 2 of the Orcish
                  | Mines)
 36980 | D:11     | Acquired 1140 gold pieces
 37229 | D:11     | Bought the cursed +0 scale mail of Xiyj {rF+ MR+ Dex+5
                  | Slay+3} for 655 gold pieces
 37361 | Shoals:1 | Entered Level 1 of the Shoals
 38900 | Shoals:2 | Reached skill level 5 in Summonings
 39773 | Shoals:2 | Offered knowledge of Chain Lightning by Vehumet.
 41768 | Shoals:4 | Entered Level 4 of the Shoals
 42218 | Shoals:4 | Got a barnacled rune of Zot
 42355 | Shoals:4 | Noticed Ilsuiw
 42583 | Shoals:4 | Reached skill level 10 in Fighting
 42864 | Shoals:4 | Reached XP level 17. HP: 55/102 MP: 22/41
 43393 | Lair:4   | Offered knowledge of Lehudib's Crystal Spear by Vehumet.
 43393 | Lair:4   | Offered knowledge of Shatter by Vehumet.
 43393 | Lair:4   | Offered knowledge of Ignition by Vehumet.
 43526 | Snake:1  | Entered Level 1 of the Snake Pit
 43526 | Snake:1  | Found a runed translucent door.
 43526 | Snake:1  | Noticed Aizul
 43531 | Snake:1  | Killed Aizul
 44032 | Snake:2  | Noticed Roxanne
 46284 | Snake:1  | Noticed Gygal Fez's ghost (adept MiFi)
 46297 | Snake:1  | Killed Gygal Fez's ghost
 46734 | Snake:2  | Noticed Louise
 46738 | Snake:2  | Killed Louise
 46935 | Snake:2  | Reached skill level 10 in Summonings
 47396 | Snake:2  | Noticed Donald
 47406 | Snake:2  | Killed Donald
 48105 | Snake:3  | Noticed Asterion
 48123 | Snake:3  | Killed Asterion
 49257 | Snake:3  | Learned a level 8 spell: Lehudib's Crystal Spear
 50286 | Vaults:1 | Entered Level 1 of the Vaults
 50790 | Vaults:1 | Found Uklowott's Distillery.
 50801 | Vaults:1 | Bought a potion of curing for 60 gold pieces
 50801 | Vaults:1 | Bought 2 potions of haste for 400 gold pieces
 50820 | Vaults:1 | Noticed Plog's ghost (veteran GnWz)
 50929 | Vaults:1 | Found a runed translucent gate.
 50929 | Vaults:1 | Found a runed translucent gate.
 50929 | Vaults:1 | Found a runed translucent gate.
 51017 | Vaults:1 | Reached XP level 18. HP: 59/107 MP: 8/42
 54214 | Vaults:2 | Identified the +7 falchion of Ijakhles {vorpal, +Inv Int+5
                  | Dex-3 Stlth+}
 55015 | Vaults:2 | Paralysed by a sphinx for 3 turns
 55918 | Vaults:2 | Noticed a tentacled monstrosity
 57062 | Vaults:3 | Reached XP level 19. HP: 112/112 MP: 23/43
 59644 | Vaults:3 | Reached skill level 15 in Fire Magic
 59983 | Vaults:3 | Found a staircase to the Crypt.
 60147 | Vaults:3 | Found Femeq's Gadget Shoppe.
 61580 | Vaults:4 | Found Ibrisub's Distillery.
 62413 | Vaults:4 | Reached XP level 20. HP: 76/117 MP: 23/44
 63347 | Vaults:4 | Learned a level 8 spell: Ignition
 64819 | Depths:1 | Entered Level 1 of the Depths
 64851 | Depths:1 | Found a gateway to Hell.
 64976 | Depths:1 | Reached skill level 15 in Earth Magic
 65534 | Depths:2 | Found a gateway to a ziggurat.
 66525 | Depths:1 | Got an encrusted cloak
 66728 | D:11     | Identified the cursed +0 cloak "Toywehus" {+Blink Str-2
                  | Dex+10 Slay-6} (You found it on level 1 of the Depths)
 67978 | Depths:1 | Found Goyruph's Book Shoppe.
 68490 | Depths:1 | Found a one-way gate leading to the halls of Pandemonium.
 69881 | Depths:2 | Reached XP level 21. HP: 90/122 MP: 43/47
 71236 | Depths:3 | Noticed Xtahua
 71243 | Depths:3 | Killed Xtahua
 72339 | Depths:3 | Found a portal to a secret trove of treasure.
 73614 | Depths:4 | Found a runed translucent door.
 73614 | Depths:4 | Noticed Luthien's ghost (veteran DECj)
 74296 | Depths:4 | Found a one-way gate to the infinite horrors of the Abyss.
 74329 | Depths:4 | Noticed Boris
 74333 | Depths:4 | Killed Boris
 74563 | Depths:4 | Noticed Saint Roka
 74575 | Depths:4 | Killed Saint Roka
 74575 | Depths:4 | Reached XP level 22. HP: 97/128 MP: 16/49
 74989 | Depths:4 | Found a shimmering altar of Xom.
 74991 | Depths:4 | Found a hide-covered altar of Uskayaw.
 75569 | Depths:4 | You fall into a shaft and drop 1 floor!
 75569 | Depths:5 | Entered Level 5 of the Depths
 75866 | Depths:4 | Found an opulent altar of Gozag.
 75866 | Depths:4 | Found a stormy altar of Qazlal.
 76905 | Depths:4 | Identified Arikh's Guide on Ensnaring Calling
 76915 | Depths:4 | Identified Sif Muna's Tome of the Sinister Birds
 77997 | D:15     | Killed Goefua Zelei's ghost
 78033 | D:15     | Learned a level 9 spell: Shatter
 78192 | Vaults:1 | Killed Plog's ghost
 78511 | Slime:1  | Entered Level 1 of the Pits of Slime
 80338 | Slime:3  | Paralysed by a great orb of eyes for 7 turns
 80344 | Slime:3  | Slain by an azure jelly

Illustrated notes

Levels and vault maps discovered:
D:1:      shiori_arrival_maze, layout_rooms
D:2:      cheibrodos_helix_gallery, layout_rooms, overflow_temple_1_default,
          lemuel_zombie_altar_kikubaaqudgha, chequers_serial_rivers_small_3
D:3:      layout_rooms, lemuel_doored_altar
D:4:      layout_basic, overflow_temple_1_default, kennysheep_mini_moat,
          serial_glass, glass_columns_b, glass_columns_b, glass_columns_a,
          glass_columns_a, glass_columns_c, glass_columns_a, serial_shops,
          shop_statue, uniq_blork_the_orc
D:5:      layout_layer_cave, xom_teletrap_fun, zin_purify, first_ration,
          nemelex_dance_club_becter, uniq_pikel
D:6:      wander_guarded_unrand_ratskin, layout_gridville, lemuel_crystal_altar,
          grunt_temple_overflow_forces_of_nature, minmay_temple_entry_arrows,
          basic_altar
D:7:      layout_cave_pools, enter_ossuary_2, gammafunk_ghost_split, uniq_maggie
D:8:      layout_basic, led_sif_book
D:9:      layout_irregular_city, nemelex_altar_shiori, bloody_trog
D:10:     layout_loops_cross, grunt_ogre_cave, minmay_puff, uniq_josephine
D:11:     layout_rooms, erik_lair_island, orc_david_3, grunt_decor_fettered,
          uniq_nergalle, uniq_maurice, uniq_erica, uniq_fannar
D:12:     layout_irregular_city
D:13:     layout_irregular_city, item_on_display_a, uniq_rupert
D:14:     layout_loops_ring, david_vaults_4, minmay_misc_feat_tiny, serial_ice,
          serial_ice_c, serial_ice_o, serial_ice_m, serial_ice_e,
          hangedman_decor_peaks_small
D:15:     grunt_enter_depths_hoard, layout_loops_ring, serial_shops,
          nicolae_shop_behind_doors, gammafunk_ghost_smash, minivault_11
Temple:   compressed_dpeg_circular_temple
Lair:1:   cheibrodos_lair_river_kwai, layout_gridlike, gauntlet_entry_generic,
          uniq_sonja
Lair:2:   layout_big_grid, minmay_snake_entry_six_corridors, basic_altar,
          minivault_26
Lair:3:   layout_cave_pods, shoals_dummy_entry, portal_ice_cave_entry_imps,
          grunt_megastairs_1, serial_bayou_shore_b
Lair:4:   gammafunk_cloud_chamber, layout_gridlike, st_stairs_13,
          minmay_another_anthill, uniq_urug
Lair:5:   beast_lair_carwin_large_3, layout_gridlike, slime_altar_1,
          lemuel_fruit_fields
Lair:6:   gammafunk_lair_ancient_temple, layout_cave_pods, kennysheep_rathole
Shoals:1: layout_shoals
Shoals:2: layout_shoals
Shoals:3: layout_shoals
Shoals:4: shoals_end_simple, layout_shoals, shoals_ilsuiw_alternative,
          nicolae_shoals_cliffside_cave, nicolae_shoals_kraken_intersection
Snake:1:  kennysheep_six_static_rooms, layout_layer_cave,
          ebering_ghost_reflecting_pool, uniq_aizul
Snake:2:  layout_cave_shapes, grunt_ministairs_1, nrook_guardian_serpent_double,
          uniq_roxanne, uniq_donald, uniq_louise
Snake:3:  layout_cave_shapes, grunt_ministairs_8, drop_trap,
          serial_bayou_ford_a, lemuel_fruit_tree, serial_bayou_shore_b,
          uniq_asterion
Slime:1:  layout_caves
Slime:2:  layout_caves
Slime:3:  layout_caves
Orc:1:    layout_caves, trog_butcher_becter, uniq_snorg
Orc:2:    st_orc_mages, layout_caves
Vaults:1: gammafunk_vaults_ghost_split, nicolae_vaults_rhombus_5,
          vaults_dpeg_spiral, nicolae_vaults_circle_grid_a, vaults_mumra_hex,
          nicolae_vaults_little_squares_5, layout_vaults_omnigrid, serial_shops,
          shop
Vaults:2: v_rooms_2, v_misc_14, st_more_cells, nicolae_vaults_hallways_thing,
          v_misc_31, v_misc_13, grunt_vaults_swirl, nicolae_vaults_alarming,
          nicolae_vaults_angled_halls, nicolae_vaults_specimen_jars, v_misc_26,
          ontoclasm_vaults_chip, vaults_room_door_ring,
          nicolae_vaults_ring_of_whatevers, layout_vaults_ring
Vaults:3: v_misc_2, vaults_room_fancy_cross, ontoclasm_vaults_fault,
          hangedman_vaults_nodes, hangedman_vaults_stitches,
          hangedman_vaults_trim, minmay_crypt_entry_simple_statues,
          nicolae_vaults_theta, vaults_room_pools, dpeg_vaults_monster_box,
          v_misc_23, grunt_vaults_bifocal, hangedman_vaults_pinch,
          vaults_room_semicircle, ontoclasm_vaults_gallery,
          nicolae_vaults_diagonal_hallway_6, layout_vaults_omnibox,
          serial_shops, shop
Vaults:4: dpeg_vaults_waves, v_misc_9, vaults_standard_mumra_lines,
          nicolae_vaults_big_angled_halls, vaults_room_stairs_pillars,
          nicolae_vaults_little_squares_1, nicolae_vaults_network_barrier,
          vaults_room_corners, vaults_room_door_ring, v_rooms_3,
          layout_vaults_omnicross, serial_shops, shop_statue
Depths:1: layout_honeycomb, rand_demon_pan_entry_4, hell_entry, serial_shops,
          shop, hangedman_decor_clover_reticule, minivault_12,
          kennysheep_random_hallway, serial_bayou_shore_a, serial_bayou_shore_b
Depths:2: hangedman_elemental_death_ray, layout_gridlike, enter_ziggurat_a,
          minivault_14, lightli_too_deep, infiniplex_staircase_squiggle
Depths:3: minmay_quarter_circles, layout_basic, minmay_misc_feat_rugged,
          special_room [special_room_mythical_zoo], pan_entry,
          nicolae_trove_entry_crystal, pf_vacation_house_of_asmodeus,
          nrook_kobold_shadow_demons, uniq_xtahua
Depths:4: minmay_the_grid_octo_tiled_octocenter [minmay_the_grid_octo_shrine,
          minmay_the_grid_octo_odd_swirl, minmay_the_grid_octo_focus,
          minmay_the_grid_octo_concentric,
          minmay_the_grid_octo_prize_square_snowflake,
          minmay_the_grid_square_5x5_forky,
          minmay_the_grid_square_5x5_doubleslash,
          minmay_the_grid_square_5x5_fancy_junction,
          minmay_the_grid_square_5x5_plus], layout_honeycomb,
          hangedman_abyss_or_decor_jellyfish_corner,
          abyss_entry_small_statue_room, hell_entry, pan_entry,
          ebering_ghost_reflecting_pool, serial_sigils_hangedman_clutch,
          uniq_saint_roka, uniq_margery, uniq_boris
Depths:5: grunt_zot_entry_gee_three, layout_long_grid, hell_entry,
          grunt_decor_one_mirror, minmay_misc_feat_room

Skill      XL: |  1  2  3  4  5  6  7  8  9 10 11 12 13 14 15 16 17 18 19 20 21 22 |
---------------+-------------------------------------------------------------------+-----
Stealth        | 3 4 5 |  5.0
Dodging        | 3 4 5 6 |  6.0
Spellcasting   | 4 5 7 8 9 13 15 18 20 21 22 | 22.0
Conjurations   | 5 6 7 9 12 15 18 19 21 22 | 22.0
Shields        | 1 2 3 4 |  4.0
Fighting       | 1 2 3 4 5 7 8 10 | 10.8
Hexes          | 4 6 |  6.0
Translocations | 1 4 5 |  5.0
Fire Magic     | 6 8 10 12 16 | 16.9
Charms         | 7 |  7.0
Earth Magic    | 10 13 14 16 19 21 | 21.0
Summonings     | 1 5 10 | 10.0

Action                   |  1- 3 |  4- 6 |  7- 9 | 10-12 | 13-15 | 16-18 | 19-21 | 22-24 || total
-------------------------+-------+-------+-------+-------+-------+-------+-------+-------++-------
Melee: Unarmed           |    25 |       |       |       |       |       |       |       ||    25
       Short sword       |       |       |     4 |     1 |     1 |       |       |       ||     6
       Staff             |       |       |       |     5 |    23 |     3 |       |       ||    31
Throw: Javelin           |       |       |       |       |       |       |     1 |       ||     1
 Cast: Magic Dart        |    56 |   112 |   110 |    38 |   284 |   455 |   276 |    60 ||  1391
       Searing Ray       |     3 |    22 |    75 |    81 |   295 |    81 |    39 |    26 ||   622
       Fulminant Prism   |       |       |    16 |    66 |   193 |    24 |    43 |     2 ||   344
       Shroud of Golubri |       |       |       |       |   168 |   252 |   199 |    35 ||   654
       Iskenderun's Myst |       |       |       |       |    21 |     5 |     9 |     2 ||    37
       Bolt of Magma     |       |       |       |       |   108 |   265 |   349 |   108 ||   830
       Iron Shot         |       |       |       |       |    16 |    11 |    35 |    20 ||    82
       Iskenderun's Batt |       |       |       |       |    35 |   306 |   249 |    60 ||   650
       Blink             |       |       |       |       |       |     2 |       |       ||     2
       Spellforged Servi |       |       |       |       |       |    83 |    20 |       ||   103
       Lehudib's Crystal |       |       |       |       |       |       |    13 |     3 ||    16
       Ignition          |       |       |       |       |       |       |       |     3 ||     3
 Abil: Evoke Flight      |       |       |       |       |       |       |     1 |       ||     1
Evoke: Staff of energy   |       |       |       |       |   229 |   161 |   304 |    59 ||   753
       Wand              |       |       |       |       |       |     1 |     2 |       ||     3
       Phial of floods   |       |       |       |       |       |     1 |       |       ||     1
  Use: Scroll            |       |     3 |     7 |     3 |    25 |    14 |     2 |     2 ||    56
       Potion            |       |       |       |     1 |     3 |    10 |     2 |       ||    16
  Eat: Chunk             |     1 |    10 |    19 |    11 |    61 |    50 |    67 |    12 ||   231
       Ration            |       |       |       |     2 |     3 |    10 |     1 |     3 ||    19
Armor: Robe              |    10 |     5 |    18 |    29 |     1 |    31 |    12 |    33 ||   139
       Swamp dragon scal |       |       |       |     4 |    96 |     1 |       |       ||   101
       Scale mail        |       |       |       |       |       |    22 |       |       ||    22
Dodge: Dodged            |    51 |    12 |    48 |    41 |   106 |   115 |    85 |    25 ||   483
Block: Buckler           |       |    10 |    18 |    39 |   150 |   124 |    73 |    18 ||   432
       Reflection        |       |       |       |       |     7 |    42 |    41 |     3 ||    93
